 Dungeon Crawl Stone Soup version 0.21.1-1-g345015f (webtiles) character file.

340 prawnwizard the Magician (level 6, -1/44 HPs)
             Began as a Gnoll Wizard on July 6, 2018.
             Succumbed to a big kobold's poison
             ... on level 3 of the Dungeon.
             The game lasted 00:09:52 (2843 turns).

prawnwizard the Magician (Gnoll Wizard)             Turns: 2843, Time: 00:09:53

Health: -1/44      AC:  2    Str:  9    XL:     6   Next: 56%
Magic:  6/16       EV: 15    Int: 22    God:
Gold:   124        SH:  0    Dex: 14    Spells: 8/19 levels left

rFire    . . .     SeeInvis .   f - +1 spear (venom)
rCold    . . .     Gourm    .   (no shield)
rNeg     . . .     Faith    .   a - +0 robe
rPois    .         Spirit   .   b - +0 hat
rElec    .         Reflect  .   (no cloak)
rCorr    .         Harm     .   (no gloves)
MR       .....                  (no boots)
Stlth    +++.......             (no amulet)
HPRegen  0.14/turn              (no ring)
MPRegen  0.15/turn              (no ring)

@: lethally poisoned (-1 -> -50)
A: distributed training, fangs 1, strong nose
a: no special abilities


You were on level 3 of the Dungeon.
You were not hungry.

You visited 1 branch of the dungeon, and saw 3 of its levels.

You collected 124 gold pieces.

Inventory:

Hand Weapons
 f - a +1 spear of venom (weapon)
Armour
 a - a +0 robe (worn)
 b - a +0 hat (worn)
 r - a +0 scale mail
Wands
 p - a wand of polymorph (4)
 u - a wand of digging (18)
Scrolls
 h - 5 scrolls of remove curse
 k - 3 scrolls of identify {unknown}
 l - 3 scrolls of fog {unknown}
 n - 2 scrolls of teleportation
 o - 3 scrolls of enchant weapon {unknown}
 q - a scroll of enchant armour {unknown}
 s - 2 scrolls of magic mapping {unknown}
 t - a scroll of fear {unknown}
Potions
 e - a potion of ambrosia {unknown}
 g - 2 potions of degeneration {unknown}
 i - a potion of flight {unknown}
 j - a potion of might {unknown}
 m - a potion of curing {unknown}
Books
 c - a book of Minor Magic

   Spells                             Type                      Level
   a - Magic Dart                     Conjuration                  1
   b - Blink                          Translocation                2
   c - Call Imp                       Summoning                    2
   d - Slow                           Hexes                        2
   e - Conjure Flame                  Conjuration/Fire             3
   f - Mephitic Cloud                 Conjuration/Poison/Air       3
Comestibles
 d - 6 rations
 v - 5 chunks of flesh


   Skills:
 + Level 2.0 Fighting
 + Level 2.0 Short Blades
 + Level 2.0 Long Blades
 + Level 2.0 Axes
 + Level 2.0 Maces & Flails
 + Level 2.0 Polearms
 + Level 2.0 Staves
 + Level 2.0 Slings
 + Level 2.0 Bows
 + Level 2.0 Crossbows
 + Level 2.0 Throwing
 + Level 2.0 Armour
 + Level 5.0 Dodging
 + Level 4.6 Stealth
 + Level 2.0 Shields
 + Level 2.0 Unarmed Combat
 + Level 7.4 Spellcasting
 + Level 2.6 Conjurations
 + Level 1.5 Hexes
 + Level 1.5 Charms
 + Level 2.6 Summonings
 + Level 1.5 Necromancy
 + Level 2.6 Translocations
 + Level 1.5 Transmutations
 + Level 1.5 Fire Magic
 + Level 1.5 Ice Magic
 + Level 1.5 Air Magic
 + Level 1.5 Earth Magic
 + Level 1.5 Poison Magic
 + Level 2.2 Invocations
 + Level 2.0 Evocations


You had 8 spell levels left.
You knew the following spells:

 Your Spells              Type           Power        Failure   Level  Hunger
a - Magic Dart            Conj           ###.         2%          1    None
b - Blink                 Tloc           N/A          4%          2    None
c - Call Imp              Summ           ###.....     4%          2    None
d - Conjure Flame         Conj/Fire      ###.....     10%         3    None
e - Mephitic Cloud        Conj/Pois/Air  ###.....     11%         3    None


Dungeon Overview and Level Annotations

Branches:
Dungeon (3/15)

Altars:


Innate Abilities, Weirdness & Mutations

Your experience applies equally to all skills.
You have very sharp teeth.
Your uncanny sense of smell can sniff out nearby items.


Message History

Casting: Magic Dart
Confirm with . or Enter, or press ? or * to list all spells.
Aiming: Magic Dart
Press: ? - help, Shift-Dir - straight line, f/p - big kobold
Aim: a big kobold, wielding a dagger of venom (heavily wounded)
The magic dart hits the big kobold.
The big kobold is heavily wounded.
You feel very sick.
The big kobold hits you with a dagger of venom!
* * * LOW HITPOINT WARNING * * *
You are more poisoned.
Aiming: Polymorph
Press: ? - help, Shift-Dir - straight line, f/p - big kobold
Aim: a big kobold, wielding a dagger of venom (heavily wounded, chance to defeat MR: 51%)
The big kobold resists with significant effort.
* * * LOW HITPOINT WARNING * * *
You feel very sick. The big kobold barely misses you.
There is a lethal amount of poison in your body!
You die...

.....## #....#..
#.#....#.# # #........##.#
#>........#.#
#...........#######
#.........###...).###
#...........))@.K.).#
#..........).#####.......#
#.........####≈≈≈###......
#.......#..≈≈≈≈≈≈o≈ #####.
##'#######..≈≈≈≈≈≈≈≈ #.#
######...≈≈≈..... #(#
#......#.........
####'###......##.####...
#......'.........#


You could see a big kobold and an orc.

Vanquished Creatures
  The ghost of Eggbaby the Stinger, an amateur OpVM of Dithmenos (D:3)
  Jessica (D:3)
  Natasha (D:3)
  5 gnolls
  2 worms (D:2)
  2 dart slugs (D:2)
  4 leopard geckos
  6 bats
  2 giant cockroaches (D:1)
  5 goblins
  13 hobgoblins
  12 kobolds
  5 frilled lizards
  7 rats
66 creatures vanquished.

Notes
Turn   | Place    | Note
-------+----------+-------------------------------------------
     0 | D:1      | prawnwizard the Gnoll Wizard began the quest for the Orb.
     0 | D:1      | Reached XP level 1. HP: 13/13 MP: 8/8
   166 | D:1      | Reached XP level 2. HP: 19/19 MP: 6/10
   445 | D:1      | Reached XP level 3. HP: 25/25 MP: 2/11
  1130 | D:2      | Reached skill level 1 in Invocations
  1134 | D:2      | Learned a level 2 spell: Blink
  1137 | D:2      | Learned a level 2 spell: Call Imp
  1141 | D:2      | Learned a level 3 spell: Conjure Flame
  1145 | D:2      | Learned a level 3 spell: Mephitic Cloud
  1242 | D:1      | Reached skill level 1 in Fighting
  1242 | D:1      | Reached skill level 1 in Short Blades
  1242 | D:1      | Reached skill level 1 in Long Blades
  1242 | D:1      | Reached skill level 1 in Axes
  1242 | D:1      | Reached skill level 1 in Maces & Flails
  1242 | D:1      | Reached skill level 1 in Polearms
  1242 | D:1      | Reached skill level 1 in Staves
  1242 | D:1      | Reached skill level 1 in Slings
  1242 | D:1      | Reached skill level 1 in Bows
  1242 | D:1      | Reached skill level 1 in Crossbows
  1242 | D:1      | Reached skill level 1 in Throwing
  1242 | D:1      | Reached skill level 1 in Armour
  1242 | D:1      | Reached skill level 1 in Shields
  1242 | D:1      | Reached skill level 1 in Unarmed Combat
  1242 | D:1      | Reached skill level 1 in Evocations
  1456 | D:2      | Reached XP level 4. HP: 32/32 MP: 7/13
  1926 | D:2      | Reached skill level 1 in Hexes
  1926 | D:2      | Reached skill level 1 in Charms
  1926 | D:2      | Reached skill level 1 in Necromancy
  1926 | D:2      | Reached skill level 1 in Transmutations
  1926 | D:2      | Reached skill level 1 in Fire Magic
  1926 | D:2      | Reached skill level 1 in Ice Magic
  1926 | D:2      | Reached skill level 1 in Air Magic
  1926 | D:2      | Reached skill level 1 in Earth Magic
  1926 | D:2      | Reached skill level 1 in Poison Magic
  2156 | D:3      | Noticed Eggbaby's ghost (amateur OpVM)
  2421 | D:3      | Killed Eggbaby's ghost
  2421 | D:3      | Reached XP level 5. HP: 17/38 MP: 0/14
  2421 | D:3      | Reached XP level 6. HP: 20/44 MP: 0/16
  2658 | D:3      | Noticed Jessica
  2665 | D:3      | Killed Jessica
  2712 | D:3      | Noticed Natasha
  2719 | D:3      | Killed Natasha
  2719 | D:3      | Reached skill level 5 in Dodging
  2842 | D:3      | HP: 2/44 [poisoned by a big kobold]
  2843 | D:3      | Succumbed to a big kobold's poison

Skill      XL: |  1  2  3  4  5  6 |
---------------+-------------------+-----
Conjurations   | 2 |  2.6
Summonings     | 2 |  2.6
Translocations | 2 |  2.6
Invocations    | 1 2 |  2.2
Fighting       | 1 2 |  2.0
Short Blades   | 1 2 |  2.0
Long Blades    | 1 2 |  2.0
Axes           | 1 2 |  2.0
Maces & Flails | 1 2 |  2.0
Polearms       | 1 2 |  2.0
Staves         | 1 2 |  2.0
Slings         | 1 2 |  2.0
Bows           | 1 2 |  2.0
Crossbows      | 1 2 |  2.0
Throwing       | 1 2 |  2.0
Armour         | 1 2 |  2.0
Shields        | 1 2 |  2.0
Unarmed Combat | 1 2 |  2.0
Evocations     | 1 2 |  2.0
Hexes          | 1 |  1.5
Charms         | 1 |  1.5
Necromancy     | 1 |  1.5
Transmutations | 1 |  1.5
Fire Magic     | 1 |  1.5
Ice Magic      | 1 |  1.5
Air Magic      | 1 |  1.5
Earth Magic    | 1 |  1.5
Poison Magic   | 1 |  1.5
Dodging        | 5 |  5.0
Stealth        | |  4.6
Spellcasting   | |  7.4

Action                   |  1- 3 |  4- 6 || total
-------------------------+-------+-------++-------
Melee: Unarmed           |     1 |       ||     1
       Spear             |       |    13 ||    13
 Cast: Magic Dart        |    79 |   105 ||   184
       Mephitic Cloud    |     1 |       ||     1
       Conjure Flame     |       |     1 ||     1
Evoke: Wand              |       |     1 ||     1
  Use: Scroll            |     2 |       ||     2
  Eat: Ration            |     1 |       ||     1
       Chunk             |       |     2 ||     2
Armor: Robe              |     2 |     3 ||     5
Dodge: Dodged            |    14 |    22 ||    36
